 Dungeon Crawl Stone Soup version 0.25-a0-591-g2ad0d86 (webtiles) character file.

Game seed: 9619319999206423649, levelgen mode: deterministic

4760 Faels the Covert (level 10, -13/71 HPs)
             Began as an Octopode Berserker on Mar 13, 2020.
             Was an Elder of Trog.
             Mangled by a two-headed ogre
             ... wielding a +0 giant club
              (22 damage)
             ... on level 8 of the Dungeon.
             The game lasted 00:23:29 (10119 turns).

Faels the Covert (Octopode Berserker)              Turns: 10119, Time: 00:23:31

Health: -13/71     AC:  1    Str: 17    XL:     10   Next: 46%
Magic:  10/10      EV: 13    Int: 10    God:    Trog [****..]
Gold:   286        SH: 13    Dex: 14    Spells: 9/9 levels left

rFire    . . .     SeeInvis .   u - +0 rapier
rCold    + . .     Gourm    +   H - +0 tower shield
rNeg     . . .     Faith    .   (helmet restricted)
rPois    .         Spirit   .   A - amulet of the gourmand
rElec    .         Reflect  .   h - +4 ring of strength
rCorr    .         Harm     .   l - ring of protection from cold
MR       .....                  (no ring)
Stlth    +++++.....             (no ring)
HPRegen  0.21/turn              (no ring)
MPRegen  0.12/turn              (no ring)
                                (no ring)
                                (no ring)

@: no status effects
A: almost no armour, stealthy swim, amphibious, 8 rings, constrict 8, camouflage
1, blink, weak 2, gelatinous body 1, MP-powered wands
a: Blink, Berserk, Trog's Hand, Brothers in Arms, Renounce Religion


You were on level 8 of the Dungeon.
You worshipped Trog.
Trog was greatly pleased with you.
You were not hungry.

You visited 1 branch of the dungeon, and saw 8 of its levels.

You collected 715 gold pieces.
You spent 429 gold pieces at shops.

Inventory:

Hand Weapons
 e - a +0 dagger
 u - a +0 rapier (weapon)
 B - a +2 vorpal war axe
 F - a +0 long sword
 G - a +0 short sword of holy wrath
Missiles
 c - 40 poisoned darts (quivered)
 n - 2 silver javelins
 x - 6 atropa-tipped darts
Armour
 y - a +0 buckler of poison resistance
 H - a +0 tower shield (worn)
Jewellery
 h - a +4 ring of strength (left tentacle)
 l - a ring of protection from cold (right tentacle)
 m - an uncursed ring of teleportation
 z - an uncursed amulet of magic regeneration
 A - an amulet of the gourmand (around mantle)
Wands
 a - a wand of paralysis (9)
 d - a wand of digging (6)
 k - a wand of flame (36)
 s - a wand of clouds (7)
 v - a wand of random effects (16)
Scrolls
 g - 8 scrolls of remove curse
 j - a scroll of fog
 o - a scroll of magic mapping
 r - a scroll of teleportation
 D - a scroll of blinking
 I - a scroll of identify
Potions
 f - 2 potions of stabbing
 i - a potion of curing
 p - a potion of invisibility {unknown}
 q - a potion of heal wounds
 t - 4 potions of degeneration {unknown}
 w - a potion of haste {unknown}
 C - a potion of might {unknown}
 E - a potion of brilliance {unknown}
Comestibles
 b - 15 rations


   Skills:
 - Level 7.1 Fighting
 + Level 8.4 Short Blades
 - Level 4.7 Throwing
 - Level 7.1 Dodging
 - Level 9.0 Stealth
 + Level 4.0 Shields


You had 9 spell levels left.
You didn't know any spells.
Your spell library was empty.

Dungeon Overview and Level Annotations

Branches:
Dungeon (8/15)             Temple (0/1) D:5            Lair (0/6) D:8

Altars:
Dithmenos
Gozag
Hepliaklqana
Kikubaaqudgha
Makhleb
Nemelex Xobeh
Qazlal
Ru
Sif Muna
Trog
Yredelemnul
Zin

Shops:
D:6 *


Innate Abilities, Weirdness & Mutations

You cannot wear most types of armour.
You are very stealthy in the water. (Stealth+)
You are amphibious.
You can wear up to eight rings at the same time.
You can use your tentacles to constrict eight enemies at once.
Your skin changes colour to match your surroundings (Stealth+).
Your rubbery body absorbs attacks. (AC +1, EV +1)
You can translocate small distances at will.
You are very weak. (Str -4)
You expend magic power (3 MP) to strengthen your wands.


Message History

You block the two-headed ogre's attack. The two-headed ogre barely misses you.
You hit the two-headed ogre but do no damage.
The two-headed ogre is severely wounded.
You barely miss the two-headed ogre.
The two-headed ogre is severely wounded.
You block the two-headed ogre's attack. The two-headed ogre closely misses you.
You puncture the two-headed ogre! You squeeze the two-headed ogre.
The two-headed ogre is almost dead.
The two-headed ogre hits you with a +0 giant club!!
The two-headed ogre hits you with a +0 giant club!
* * * LOW HITPOINT WARNING * * *
You hit the two-headed ogre.
The two-headed ogre is almost dead.
Your shield prevents you from hitting the two-headed ogre.
Your squeeze misses the two-headed ogre.
The two-headed ogre is almost dead.
The two-headed ogre hits you with a +0 giant club.
* * * LOW HITPOINT WARNING * * *
The two-headed ogre hits you with a +0 giant club!!
You die...

..###...## #.# #.# ##.##
#.# #.# #.# #.# #.# #.#
#.# #.# #.# ####.# #.#
#.# #....# ..# #.#
#.#### ##
#.###.###########.#
######...[......@O...((#
........##.#############
#######......#
#..#.#.#####
#..#.......#
######..###.###.#
#...........# #.#
#.########### #.# #.#
#.#


You could see a two-headed ogre.

Vanquished Creatures
  A komodo dragon (D:8)
  2 hippogriffs (D:7)
  Sigmund (D:6)
  2 hungry ghosts
  2 water moccasins
  2 ice beasts (D:7)
  2 orc warriors
  2 sky beasts (D:7)
  3 ogres
  4 phantoms
  4 centaurs
  3 bullfrogs
  A scorpion (D:4)
  7 killer bees
  4 crimson imps
  5 howler monkeys
  A centaur zombie (D:8)
  4 hounds
  6 orc priests
  A bullfrog skeleton (D:4)
  8 orc wizards
  2 centaur skeletons
  2 iguanas (D:4)
  Natasha (thrice) (D:3)
  5 worker ants
  A hound zombie (D:7)
  A howler monkey zombie (D:5)
  7 gnolls
  7 adders
  3 shadow imps
  An ooze (D:5)
  An adder zombie (D:7)
  An adder skeleton (D:6)
  2 worms
  2 dart slugs
  6 leopard geckos
  20 orcs
  5 giant cockroaches
  9 goblins
  6 hobgoblins
  9 jackals
  4 quokkas
  A ball python (D:3)
  6 bats
  4 frilled lizards
  4 kobolds
  A leopard gecko zombie (D:5)
  A quokka skeleton (D:4)
  A quokka zombie (D:5)
  7 rats
187 creatures vanquished.

Vanquished Creatures (others)
  4 plants (D:8)
4 creatures vanquished.

Grand Total: 191 creatures vanquished

Notes
Turn   | Place    | Note
-------+----------+-------------------------------------------
     0 | D:1      | Faels the Octopode Berserker began the quest for the Orb.
     0 | D:1      | Reached XP level 1. HP: 16/16 MP: 1/1
   190 | D:1      | Reached XP level 2. HP: 21/21 MP: 2/2
   360 | D:1      | Reached skill level 1 in Stealth
   979 | D:2      | Reached XP level 3. HP: 26/26 MP: 3/3
  1007 | D:2      | Reached skill level 1 in Throwing
  1093 | D:2      | Found an opulent altar of Gozag.
  1549 | D:2      | Reached ** piety under Trog
  1834 | D:3      | Reached XP level 4. HP: 25/31 MP: 4/4
  2005 | D:3      | Reached skill level 2 in Stealth
  2209 | D:3      | Noticed Natasha
  2211 | D:3      | Reached XP level 5. HP: 36/36 MP: 5/5
  2216 | D:3      | Killed Natasha
  2274 | D:3      | Noticed Natasha
  2293 | D:3      | Killed Natasha
  2656 | D:3      | Reached skill level 3 in Stealth
  2656 | D:3      | Reached XP level 6. HP: 41/43 MP: 6/6
  2697 | D:3      | HP: 2/43 [poisoned by a killer bee]
  3102 | D:3      | Found a shimmering blue altar of Sif Muna.
  3191 | D:3      | Noticed Natasha
  3197 | D:3      | Killed Natasha
  3318 | D:3      | Found a bloodstained altar of Trog.
  3638 | D:4      | Reached skill level 4 in Stealth
  3647 | D:4      | Reached XP level 7. HP: 49/49 MP: 7/7
  3692 | D:4      | Reached *** piety under Trog
  3963 | D:4      | Reached skill level 5 in Stealth
  4244 | D:4      | Found a sacrificial altar of Ru.
  4301 | D:4      | Reached XP level 8. HP: 51/54 MP: 8/8
  4542 | D:4      | Found an ancient bone altar of Kikubaaqudgha.
  4587 | D:4      | Reached skill level 5 in Fighting
  4587 | D:4      | Reached skill level 5 in Short Blades
  4587 | D:4      | Reached skill level 5 in Dodging
  4802 | D:5      | Entered Level 5 of the Dungeon
  4898 | D:5      | Found a staircase to the Ecumenical Temple.
  4991 | D:5      | Reached skill level 6 in Stealth
  5530 | D:5      | Found a burning altar of Makhleb.
  5535 | D:5      | Found a glowing silver altar of Zin.
  5535 | D:5      | Noticed an angel
  5535 | D:5      | Noticed a balrug
  5542 | D:5      | Found a shadowy altar of Dithmenos.
  5662 | D:5      | Found a hazy altar of Hepliaklqana.
  5664 | D:5      | Found a basalt altar of Yredelemnul.
  6280 | D:6      | Found Xuhaneow's Assorted Antiques.
  6285 | D:6      | Bought 3 scrolls labeled YXTY FEEQI for 66 gold pieces
  6285 | D:6      | Bought a glowing buckler for 165 gold pieces
  6285 | D:6      | Bought a dented jade amulet for 110 gold pieces
  6285 | D:6      | Bought a scroll of identify for 44 gold pieces
  6285 | D:6      | Bought a scroll of identify for 44 gold pieces
  6331 | D:6      | Reached XP level 9. HP: 46/62 MP: 9/9
  6334 | D:6      | Reached skill level 1 in Shields
  6442 | D:6      | Reached **** piety under Trog
  6713 | D:6      | Noticed Sigmund
  6725 | D:6      | Killed Sigmund
  6947 | D:6      | Found a sparkling altar of Nemelex Xobeh.
  7188 | D:7      | Reached skill level 7 in Stealth
  7598 | D:7      | You fall into a shaft and drop 1 floor!
  7626 | D:8      | Reached skill level 8 in Stealth
  8030 | D:7      | Reached XP level 10. HP: 69/69 MP: 10/10
  8667 | D:7      | Found a stormy altar of Qazlal.
  8685 | D:7      | Reached skill level 9 in Stealth
  9316 | D:8      | Found a staircase to the Lair.
  9437 | D:8      | Gained mutation: You occasionally shout uncontrollably at
                  | your foes. [potion of mutation]
  9437 | D:8      | Gained mutation: Your muscles are strong. (Str +2) [potion
                  | of mutation]
  9516 | D:6      | Lost mutation: You occasionally shout uncontrollably at
                  | your foes. [potion of mutation]
  9516 | D:6      | Lost mutation: Your muscles are strong. (Str +2) [potion of
                  | mutation]
  9516 | D:6      | Gained mutation: You are weak. (Str -2) [potion of
                  | mutation]
  9516 | D:6      | Gained mutation: You are very weak. (Str -4) [potion of
                  | mutation]
  9516 | D:6      | Gained mutation: You expend magic power (3 MP) to
                  | strengthen your wands. [potion of mutation]
  9516 | D:6      | Gained mutation: You can translocate small distances at
                  | will. [potion of mutation]
 10103 | D:8      | Noticed a two-headed ogre
 10119 | D:8      | Mangled by a two-headed ogre

Levels and vault maps discovered:
D:1:      saegor_arrival_miasma, layout_loops_corners, minivault_11
D:2:      layout_loops_ring, nicolae_gozag_seed_capital
D:3:      layout_loops_ring, grunt_temple_overflow_open, first_ration,
          kennysheep_generic_room_4, uniq_natasha
D:4:      minmay_polygon_palace, layout_cave_pools, nicolae_ru_path_of_blood,
          lemuel_round_altar
D:5:      layout_gridville, grunt_temple_overflow_order_and_chaos_2,
          lemuel_crystal_altar, chequers_temple_overflow_statue_of_worship,
          minmay_temple_entry_tees
D:6:      layout_cave_pools, serial_shops, nicolae_shop_stone,
          nemelex_xobeh_ov_fountains_minmay, uniq_sigmund
D:7:      layout_loops_corners, nicolae_overflow_crystal_walls
D:8:      layout_loops_ring, lemuel_coloured_pillars_altar, david_lair_shrubbed

Skill      XL: |  1  2  3  4  5  6  7  8  9 10 |
---------------+-------------------------------+-----
Stealth        | 1 2 3 4 5 6 8 9 |  9.0
Throwing       | 1 2 3 4 |  4.7
Dodging        | 4 5 6 7 |  7.1
Fighting       | 4 5 6 7 |  7.1
Short Blades   | 4 5 6 8 |  8.4
Shields        | 4 |  4.0

Action                   |  1- 3 |  4- 6 |  7- 9 | 10-12 || total
-------------------------+-------+-------+-------+-------++-------
Melee: Short sword       |    13 |       |       |       ||    13
       Constrict         |    18 |    17 |    38 |    10 ||    83
       Tentacles         |    11 |    15 |    55 |    18 ||    99
       Dagger            |    42 |    78 |   129 |       ||   249
       Rapier            |       |       |    87 |    76 ||   163
Throw: Dart              |     8 |     2 |    25 |    13 ||    48
Invok: Berserk           |     1 |     5 |    17 |     4 ||    27
       Trog's Hand       |       |     1 |     2 |       ||     3
Evoke: Wand              |       |       |     1 |       ||     1
  Use: Scroll            |     3 |     3 |     9 |     1 ||    16
       Potion            |       |       |     1 |     2 ||     3
 Stab: Sleeping          |     8 |     8 |    16 |     6 ||    38
       Distracted        |       |     1 |       |     2 ||     3
  Eat: Chunk             |     4 |    11 |    22 |    13 ||    50
       Ration            |       |       |     3 |       ||     3
Armor: Skin              |     3 |     1 |     7 |     2 ||    13
Dodge: Dodged            |    41 |    41 |   114 |    36 ||   232
Block: Buckler           |       |       |    12 |     6 ||    18
       Tower shield      |       |       |       |     6 ||     6

Table legend:
 A = Non-vault XP
 B = Vault XP
 C = Vault XP percentage of total XP
 D = Non-vault monster count
 E = Vault monster count
 F = Vault count percentage of total count
                 A         B        C        D         E       F
            +---------+---------+-------+---------+---------+-------
      Total |    5723 |    1077 |  15.8 |     169 |      18 |   9.6
            +---------+---------+-------+---------+---------+-------
        D:1 |      30 |       0 |   0.0 |      18 |       0 |   0.0
        D:2 |      41 |       0 |   0.0 |      14 |       0 |   0.0
        D:3 |     456 |      34 |   6.9 |      40 |       2 |   4.8
        D:4 |     467 |     450 |  49.1 |      15 |      14 |  48.3
        D:5 |     853 |       0 |   0.0 |      22 |       0 |   0.0
        D:6 |     438 |     238 |  35.2 |      12 |       1 |   7.7
        D:7 |    2022 |       0 |   0.0 |      23 |       0 |   0.0
        D:8 |    1416 |     355 |  20.0 |      25 |       1 |   3.8
            +---------+---------+-------+---------+---------+-------
